 Dungeon Crawl Stone Soup version 0.20.1-1-g8b1a95d66d (webtiles) character file.

284 Gargoyl the Skirmisher (level 6, -5/52 HPs)
             Began as a Centaur Abyssal Knight on Jan 2, 2018.
             Was a Believer of Lugonu.
             Slain by Duvessa
             ... wielding a +4 short sword
              (8 damage)
             ... on level 3 of the Dungeon.
             The game lasted 00:05:45 (3556 turns).

Gargoyl the Skirmisher (Centaur Abyssal Knight)     Turns: 3556, Time: 00:05:45

Health: -5/52      AC:  8    Str: 15    XL:     6   Next: 7%
Magic:  8/8        EV:  4    Int: 11    God:    Lugonu [**....]
Gold:   237        SH:  3    Dex: 10    Spells: 5/5 levels left

rFire    . . .     SeeInvis .   e - +1 hand axe (venom)
rCold    . . .     Gourm    .   d - +0 buckler
rNeg     . . .     Faith    .   v - +0 chain mail
rPois    .         Spirit   .   (no helmet)
rElec    .         Reflect  .   (no cloak)
rCorr    .         Harm     .   (no gloves)
MR       +....                  (no barding)
Stlth    ..........             j - amulet of rage
Regen    0.2/turn               k - ring of protection from magic
MPRegen  0.2/turn               (no ring)

@: very quick
A: hooves 3, deformed body, speed 2, tough skin 3
a: Depart the Abyss, Bend Space, Renounce Religion, Evoke Berserk Rage


You were on level 3 of the Dungeon.
You worshipped Lugonu.
Lugonu was pleased with you.
You were near starving.

You visited 1 branch of the dungeon, and saw 4 of its levels.
You visited the Abyss 1 time.

You collected 237 gold pieces.

Inventory:

Hand Weapons
 a - a +1 hand axe
 e - a +1 hand axe of venom (weapon)
Armour
 d - a +0 buckler (worn)
 v - a +0 chain mail (worn)
Jewellery
 j - an amulet of rage (around neck)
 k - a ring of protection from magic (left hand)
Wands
 s - a wand of confusion (37/48)
Scrolls
 f - 2 scrolls of teleportation
 q - a scroll of identify
 w - a scroll of blinking
 y - a scroll of remove curse
Potions
 g - a potion of ambrosia
 h - 2 potions of might {unknown}
 l - a potion of heal wounds {unknown}
 m - a potion of mutation {unknown}
 n - a potion of magic {unknown}
 o - a potion of brilliance {unknown}
 p - a potion of curing {unknown}
 u - a potion of haste {unknown}
 x - a potion of cancellation {unknown}
Comestibles
 b - 2 meat rations
 c - 5 bread rations
 i - 2 royal jellies


   Skills:
 + Level 4.2 Fighting
 + Level 2.8 Axes
 * Level 2.7 Armour
 + Level 1.3 Dodging
 + Level 0.4 Shields
 * Level 3.4 Invocations


You had 5 spell levels left.
You didn't know any spells.

Dungeon Overview and Level Annotations

Branches:
Dungeon (4/15)
 Temple: D:4-7

Altars:

Annotations:
D:3 Duvessa


Innate Abilities, Weirdness & Mutations

You have hooves in place of feet.
Armour fits poorly on your strangely shaped body.
You cover ground very quickly.
You have extremely tough skin. (AC +3)


Message History

Duvessa goes berserk!
Duvessa hits you with an enchanted short sword!
You hit Duvessa.
Duvessa is poisoned.
Duvessa is lightly wounded.
Duvessa completely misses you.
Duvessa hits you with an enchanted short sword!
Duvessa rages.
Duvessa rages.
Duvessa hits you with an enchanted short sword!
Duvessa rages.
Duvessa rages.
There is a stone staircase leading up here.
Duvessa barely misses you.
You climb upwards.
There is a stone staircase leading down here.
Duvessa hits you with an enchanted short sword!!
* * * LOW HITPOINT WARNING * * *
Okay, then.
Duvessa hits you with an enchanted short sword!
You die...

#.......###.#####...
#..............#####
#..............#
#..........)...#
#..............# ###
###....#.......# #..
####.####.......# #.#
#.....# #.......# #.#
#...@.# ######### #.#
#...e.########## #.#
#.....##.......# #..
#..>..##.####..######
###.####.####........
#............######
######.####..#
#.####..# #.......#


You could see Duvessa (berserk).

Vanquished Creatures
  An ogre (D:4)
  Dowan (D:4)
  A centaur skeleton (D:4)
  An iguana (D:4)
  A hound skeleton (D:4)
  2 adders
  An ooze (D:1)
  2 worms
  4 dart slugs
  A leopard gecko (D:1)
  3 ball pythons (D:1)
  4 giant cockroaches
  7 goblins
  4 hobgoblins
  6 jackals
  2 quokkas
  4 bats
  7 frilled lizards
  A jackal skeleton (D:4)
  7 kobolds
  6 rats (D:1)
66 creatures vanquished.

Notes
Turn   | Place    | Note
-------+----------+-------------------------------------------
     0 | Abyss:1  | Gargoyl the Centaur Abyssal Knight began the quest for the Orb.
     0 | Abyss:1  | Reached XP level 1. HP: 19/19 MP: 2/2
    21 | Abyss:2  | Noticed a starcursed mass
    34 | Abyss:2  | Noticed a smoke demon
    36 | Abyss:2  | Noticed a hellwing
    36 | D:1      | Escaped the Abyss
   341 | D:1      | Reached * piety under Lugonu
   497 | D:1      | Reached XP level 2. HP: 26/26 MP: 3/3
  1105 | D:2      | Reached XP level 3. HP: 31/31 MP: 4/4
  1156 | D:2      | Reached skill level 1 in Dodging
  2032 | D:3      | Reached XP level 4. HP: 31/40 MP: 6/6
  2186 | D:3      | Reached ** piety under Lugonu
  3100 | D:4      | Reached XP level 5. HP: 32/46 MP: 7/7
  3240 | D:4      | Reached skill level 4 in Fighting
  3256 | D:4      | Noticed an ogre
  3265 | D:4      | Noticed Dowan
  3268 | D:4      | Killed an ogre
  3520 | D:4      | Killed Dowan
  3520 | D:4      | Reached XP level 6. HP: 43/52 MP: 8/8
  3533 | D:4      | Noticed Duvessa
  3556 | D:3      | Slain by Duvessa

Skill      XL: |  1  2  3  4  5 |
---------------+----------------+-----
Dodging        | 1 |  1.3
Armour         | 2 |  2.7
Axes           | 2 |  2.8
Invocations    | 3 |  3.4
Fighting       | 4 |  4.2
Shields        | |  0.4

Action                   |  1- 3 |  4- 6 || total
-------------------------+-------+-------++-------
Melee: Hand axe          |    95 |    55 ||   150
       Kick              |    18 |    13 ||    31
Invok: Depart the Abyss  |     1 |       ||     1
  Use: Scroll            |     7 |     4 ||    11
  Eat: Chunk             |     2 |     3 ||     5
Armor: Leather armour    |    19 |       ||    19
       Ring mail         |    26 |    10 ||    36
       Chain mail        |       |    13 ||    13
Dodge: Dodged            |    35 |    16 ||    51
Block: Buckler           |    13 |     5 ||    18
